 Dungeon Sprint DCSS version 0.21-a0-405-gf2af9a1 (webtiles) character file.

184 Kidiri the Thaumaturge (level 5, -1/28 HPs)
             Began as a Deep Elf Fire Elementalist on Nov 1, 2017.
             Killed from afar by a white imp (3 damage)
             ... with a puff of frost
             ... summoned by a kobold demonologist
             ... in the Dungeon (Sprint III: "The Ten Rune Challenge").
             The game lasted 00:03:50 (319 turns).

Kidiri the Thaumaturge (Deep Elf Fire Elementalist)  Turns: 319, Time: 00:03:51

Health: -1/28      AC:  3    Str:  5    XL:     5   Next: 36%
Magic:  9/18       EV: 13    Int: 21    God:
Gold:   23         SH:  0    Dex: 15    Spells: 6/24 levels left

rFire    . . .     SeeInvis .   (no weapon)
rCold    . . .     Gourm    .   (no shield)
rNeg     . . .     Faith    .   a - +0 robe
rPois    .         Spirit   .   (helmet restricted)
rElec    .         Reflect  .   (no cloak)
rCorr    .         Harm     .   (no gloves)
MR       .....     NoTele   +   (no boots)
Stlth    ++........             (no amulet)
HPRegen  0.49/turn              (no ring)
MPRegen  0.16/turn              (no ring)

@: no status effects
A: horns 1, rugged brown scales 1, blink, low mp 1, regeneration 1
a: Blink


You were in the Dungeon.
You were not hungry.

You visited 1 branch You collected 23 gold pieces.

Inventory:

Armour
 a - a +0 robe (worn)
 m - a +0 robe
Scrolls
 i - 2 scrolls of blinking
 l - a scroll of magic mapping
 o - a scroll of holy word
 p - a scroll of remove curse
 s - a scroll of torment
Potions
 d - a potion of curing
 e - 2 potions of heal wounds
 f - a potion of haste
 g - 2 potions of magic
 h - a potion of berserk rage
 n - a potion of mutation
 r - 4 potions of flight
Books
 b - a book of Flames

   Spells                             Type                      Level
   a - Flame Tongue                   Conjuration/Fire             1
   b - Throw Flame                    Conjuration/Fire             2
   c - Conjure Flame                  Conjuration/Fire             3
   d - Inner Flame                    Hexes/Fire                   3
   e - Sticky Flame                   Conjuration/Fire             4
   f - Fireball                       Conjuration/Fire             5
Comestibles
 c - a bread ration
 j - a chunk of flesh
 q - a fruit
 t - a royal jelly


   Skills:
 + Level 0.7 Fighting
 + Level 0.7 Armour
 + Level 2.9 Dodging
 - Level 2.4 Stealth
 * Level 10.3 Spellcasting
 + Level 5.9 Conjurations
 + Level 6.8 Fire Magic


You had 6 spell levels left.
You knew the following spells:

 Your Spells              Type           Power        Failure   Level  Hunger
a - Flame Tongue          Conj/Fire      #####        1%          1    None
b - Throw Flame           Conj/Fire      #####.       1%          2    None
c - Conjure Flame         Conj/Fire      #####...     1%          3    None
d - Inner Flame           Hex/Fire       ####....     4%          3    None
e - Sticky Flame          Conj/Fire      #####...     4%          4    ##.....
f - Fireball              Conj/Fire      #####.....   12%         5    ####...


Dungeon Overview and Level Annotations

Branches:
Dungeon (1/1)

Altars:
Kikubaaqudgha
Sif Muna
Vehumet


Innate Abilities, Weirdness & Mutations

You have a pair of small horns on your head.
You are partially covered in rugged brown scales. (AC +1, +3% HP)
You can translocate small distances at will.
Your magical capacity is low. (-10% MP)
Your natural rate of healing is unusually fast.


Message History

You feel much better. The hellwing hits you! The hellwing misses you.
The crimson imp lashes its tail.
The crimson imp hits you but does no damage.
The white imp hits you. The white imp freezes you.
The kobold demonologist hits you with a dagger.
Unknown command.
Casting: Sticky Flame
Confirm with . or Enter, or press ? or * to list all spells.
Aiming: Sticky Flame
Press: ? - help, Shift-Dir - straight line, f - kobold demonologist
Aim: a kobold demonologist, wielding a dagger and wearing a robe The sticky flame hits the kobold demonologist.
The kobold demonologist is moderately wounded.
The kobold demonologist is covered in liquid flames!
The kobold demonologist burns!
The hellwing hits you!
* * * LOW HITPOINT WARNING * * *
The hellwing barely misses you. The white imp gestures at you.
The puff of frost hits you!
You die...

#.......#..#..#
##.##...#..#..###+#+###+
##.###..##+#..#.........
###.##..###...'.⌠.......
#..##..####...#...######
...##..###....#.⌠.#
..##...##.....#...#
.##....#......#4###
###..##.#.....#.@K# #
#..#####....#55_# ▓ ▓▓▓▓
▓▓▓▓▓▓▓▓▓▓


You could see a hellwing, a kobold demonologist (burning), a crimson imp and a
white imp.

Vanquished Creatures
  A water elemental (D)
  A scorpion (D)
  A wizard (D)
  Jessica (D)
  A human (D)
  An ooze (D)
  2 rats (D)
8 creatures vanquished.

Vanquished Creatures (others)
  2 draconian scorchers (D)
  A yaktaur (D)
  6 hellions (D)
  6 plants (D)
15 creatures vanquished.

Grand Total: 23 creatures vanquished

Notes
Turn   | Place    | Note
-------+----------+-------------------------------------------
     0 | D        | Kidiri the Deep Elf Fire Elementalist began the quest for the Orb.
     0 | D        | Reached XP level 1. HP: 10/10 MP: 6/6
    39 | D        | Reached skill level 4 in Spellcasting
    68 | D        | Killed a yaktaur
    70 | D        | Killed a hellion
   103 | D        | Noticed Jessica
   104 | D        | Killed Jessica
   104 | D        | Reached skill level 6 in Spellcasting
   104 | D        | Reached XP level 2. HP: 15/15 MP: 8/11
   104 | D        | Reached XP level 3. HP: 19/19 MP: 8/12
   108 | D        | Learned a level 2 spell: Throw Flame
   111 | D        | Killed a hellion
   112 | D        | Learned a level 3 spell: Conjure Flame
   116 | D        | Learned a level 3 spell: Inner Flame
   136 | D        | Noticed a scorpion
   139 | D        | Killed a hellion
   143 | D        | Killed a scorpion
   143 | D        | Reached skill level 8 in Spellcasting
   143 | D        | Reached skill level 5 in Fire Magic
   143 | D        | Reached XP level 4. HP: 24/24 MP: 10/16
   160 | D        | Learned a level 4 spell: Sticky Flame
   178 | D        | Gained mutation: You have large cloven feet. [potion of mutation]
   178 | D        | Gained mutation: Scrolls take you a little longer to read. [potion of mutation]
   178 | D        | Gained mutation: You are frail. (-10% HP) [potion of mutation]
   178 | D        | Gained mutation: You can translocate small distances at will. [potion of mutation]
   179 | D        | Lost mutation: Scrolls take you a little longer to read. [potion of mutation]
   179 | D        | Lost mutation: You have large cloven feet. [potion of mutation]
   179 | D        | Lost mutation: You can translocate small distances at will. [potion of mutation]
   179 | D        | Gained mutation: You are partially covered in rugged brown scales. (AC +1, +3% HP) [potion of mutation]
   179 | D        | Gained mutation: Scrolls take you a little longer to read. [potion of mutation]
   179 | D        | Gained mutation: Your spells are a little harder to cast, but a little more powerful. [potion of mutation]
   180 | D        | Lost mutation: Scrolls take you a little longer to read. [potion of mutation]
   180 | D        | Lost mutation: You are frail. (-10% HP) [potion of mutation]
   180 | D        | Lost mutation: Your spells are a little harder to cast, but a little more powerful. [potion of mutation]
   180 | D        | Gained mutation: Your natural rate of healing is unusually fast. [potion of mutation]
   180 | D        | Gained mutation: Your magical capacity is low. (-10% MP) [potion of mutation]
   180 | D        | Gained mutation: You have a pair of small horns on your head. [potion of mutation]
   180 | D        | Gained mutation: You can translocate small distances at will. [potion of mutation]
   217 | D        | Killed a white draconian scorcher
   229 | D        | Killed a white draconian scorcher
   259 | D        | Noticed a water elemental
   263 | D        | Killed a water elemental
   263 | D        | Reached skill level 10 in Spellcasting
   263 | D        | Reached skill level 5 in Conjurations
   263 | D        | Reached XP level 5. HP: 28/28 MP: 10/17
   289 | D        | Killed a hellion
   292 | D        | Killed a hellion
   293 | D        | Killed a hellion
   313 | D        | Learned a level 5 spell: Fireball
   313 | D        | Found a radiant altar of Vehumet.
   314 | D        | Found a deep blue altar of Sif Muna.
   314 | D        | Found an ancient bone altar of Kikubaaqudgha.
   315 | D        | Noticed a hellwing
   319 | D        | Killed from afar by a white imp

Vault maps used:
D:        dungeon_sprint_mu

Skill      XL: |  1  2  3  4 |
---------------+-------------+-----
Spellcasting   | 6 8 10 | 10.3
Conjurations   | 3 4 5 |  5.9
Fire Magic     | 4 5 6 |  6.8
Fighting       | |  0.7
Armour         | |  0.7
Dodging        | |  2.9
Stealth        | |  2.4

Action                   |  1- 3 |  4- 6 || total
-------------------------+-------+-------++-------
 Cast: Flame Tongue      |     8 |    13 ||    21
       Conjure Flame     |       |     1 ||     1
       Sticky Flame      |       |     2 ||     2
  Use: Scroll            |       |     4 ||     4
       Potion            |       |     4 ||     4
Armor: Robe              |       |     2 ||     2
Dodge: Dodged            |     1 |    12 ||    13

Table legend:
 A = Spawn XP
 B = Non-spawn XP
 C = Spawn XP percentage of total XP
 D = Spawn monster count
 E = Non-spawn monster count
 F = Spawn count percentage of total count
 G = Total turns spent on level
                    A         B        C        D         E        F      G
               +---------+---------+-------+---------+---------+-------+---------
         Total |       0 |     264 |   0.0 |       0 |       8 |   0.0 |   319
               +---------+---------+-------+---------+---------+-------+---------
             D |       0 |     264 |   0.0 |       0 |       8 |   0.0 |   319
               +---------+---------+-------+---------+---------+-------+---------
